 Dungeon Crawl Stone Soup version 0.29.1-15-g9cfb28693d (webtiles) character file.

Game seed: 17360533546814336366

12292 QwertyIsDirtey404 the Protected (level 11, -5/145 HPs)
             Began as a Minotaur Berserker on Apr 14, 2023.
             Was a Priest of Trog.
             Slain by an Executioner (14 damage)
             ... on level 1 of the Abyss.
             The game lasted 00:23:51 (17998 turns).

QwertyIsDirtey404 the Protected (MiBe)             Turns: 17998, Time: 00:23:52

Health: -5/145     AC: 19    Str: 26    XL:     11   Next: 60%
Magic:  10/10      EV: 11    Int:  6    God:    Trog [***...]
Gold:   693        SH:  0    Dex: 12    Spells: 10/10 levels left

rFire   + . .      SeeInvis .   L - +5 hand axe (freeze)
rCold   x . .      Faith    .   (no shield)
rNeg    . . .      Spirit   .   I - +0 chain mail "Seheal" {rPois rCorr Str-2 Slay+6}
rPois   +          Reflect  .   (helmet restricted)
rElec   .          Harm     .   J - +1 cloak {rCorr}
rCorr   +          Rampage  .   (no gloves)
Will    .....                   (no boots)
Stlth   ..........              A - amulet of regeneration
HPRegen 1.14/turn               y - +4 ring of protection
MPRegen 0.12/turn               u - ring "Naenon" {Fire Str+4 Dex+2}

@: berserking, very quick
A: horns 2, retaliatory headbutt
a: Renounce Religion, Berserk, Trog's Hand


You were on level 1 of the Abyss.
You worshipped Trog.
Trog was most pleased with you.
You visited 1 branch of the dungeon, and saw 10 of its levels.
You visited the Abyss 1 time.
You also visited: Ossuary.

You collected 693 gold pieces.

Inventory:

Hand Weapons
 k - a +2 dagger of venom
 G - a +2 scythe of distortion
 K - a +4 quarterstaff of chaos
 L - a +5 hand axe of freezing (weapon)
 M - a +2 war axe of venom
Armour
 I - the +0 chain mail "Seheal" (worn) {rPois rCorr Str-2 Slay+6}
   (You found it on level 6 of the Dungeon)

   Str:       It affects your strength (-2).
   Slay:      It affects your accuracy & damage with ranged weapons and melee
   (+6).
   rPois:     It protects you from poison.
   rCorr:     It protects you from acid and corrosion.
 J - a +1 cloak of preservation (worn)
Jewellery
 u - the ring "Naenon" (right hand) {Fire Str+4 Dex+2}
   (You found it on level 4 of the Dungeon)

   [ring of fire]

   It enhances your fire magic.
   Str:       It affects your strength (+4).
   Dex:       It affects your dexterity (+2).
   rF:        It protects you from fire.
   rC:        It makes you vulnerable to cold.
 y - a +4 ring of protection (left hand)
 A - an amulet of regeneration (around neck)
 N - a ring of see invisible
 O - a ring of magical power
 P - an amulet of the acrobat
 Q - an amulet of guardian spirit
Wands
 m - a wand of iceblast (17)
 p - a wand of polymorph (6)
 z - a wand of digging (8)
 S - a wand of charming (4)
Scrolls
 a - 6 scrolls of fear {unknown}
 d - 12 scrolls of identify {unknown}
 e - 2 scrolls of acquirement {unknown}
 g - 5 scrolls of teleportation {unknown}
 j - a scroll of silence {unknown}
 o - a scroll of blinking {unknown}
 q - 3 scrolls of enchant armour {unknown}
 r - 3 scrolls of vulnerability {unknown}
 s - a scroll of brand weapon {unknown}
 w - 6 scrolls of enchant weapon {unknown}
 x - 4 scrolls of immolation {unknown}
 B - a scroll of summoning {unknown}
 F - 2 scrolls of noise
Potions
 b - 2 potions of cancellation {unknown}
 c - 4 potions of attraction {unknown}
 f - 2 potions of resistance {unknown}
 h - a potion of berserk rage {unknown}
 i - 2 potions of invisibility {unknown}
 l - a potion of might {unknown}
 n - 4 potions of lignification {unknown}
 t - 5 potions of heal wounds {unknown}
 v - 3 potions of brilliance {unknown}
 C - 2 potions of haste {unknown}
 D - 6 potions of curing
 E - 5 potions of degeneration
 H - a potion of mutation {unknown}
 R - a potion of flight {unknown}


   Skills:
 + Level 9.3 Fighting
 + Level 8.3(8.9) Short Blades
 + Level 4.9(7.6) Long Blades
 + Level 9.3 Axes
 + Level 13.3 Armour
 + Level 6.2 Dodging
 + Level 3.6 Stealth
 + Level 1.8 Unarmed Combat


You had 10 spell levels left.
You didn't know any spells.
Your spell library contained the following spells:

 Spells                   Type           Power      Damage    Failure   Level
 Cause Fear               Hex            0%         N/A       100%        4
 Dragon Form              Tmut           0%         N/A       100%        7
 Dragon's Call            Summ           0%         N/A       100%        9


Dungeon Overview and Level Annotations

Branches:
Dungeon (10/15)            Temple (0/1) D:4             Orc (0/2) D:9
Ossuary (visited)
   Lair: D:8-11

Altars:
Ashenzari
Cheibriados
Dithmenos
Kikubaaqudgha
Makhleb
Vehumet
Zin
The Shining One

Shops:
D:2 [   D:3 !   D:5 *

Annotations:
D:10 Sonja


Innate Abilities, Weirdness & Mutations

You have a pair of horns on your head.
You reflexively headbutt those who attack you in melee.


Message History

The Executioner closely misses you.
The Executioner hits you but does no damage.
The Executioner closely misses you.
The Executioner hits you but does no damage.
You completely miss the Executioner.
The Executioner is moderately wounded.
The Executioner hits you!
The Executioner hits you but does no damage. x5
The Executioner closely misses you. The Executioner hits you.
The Executioner barely misses you.
Unknown command.
You miss the Executioner.
The Executioner is moderately wounded.
The Executioner hits you.
* * * LOW HITPOINT WARNING * * *
The Executioner hits you but does no damage. x5
The Executioner hits you!
* * * LOW HITPOINT WARNING * * *
The Executioner hits you but does no damage. x2
Your ogre goes berserk!
You can no longer call in reinforcements.
The Executioner hits you!
* * * LOW HITPOINT WARNING * * *
The Executioner closely misses you.
The Executioner hits you but does no damage. x3
The Executioner hits you.
* * * LOW HITPOINT WARNING * * *
The Executioner closely misses you.
The Executioner hits you but does no damage.
The Executioner misses you.
A red film seems to cover your vision as you go berserk!
You feel yourself moving faster!
You feel mighty! The Executioner misses you.
The Executioner hits you but does no damage. x2
The Executioner hits you.
* * * LOW HITPOINT WARNING * * *
The Executioner hits you.
* * * LOW HITPOINT WARNING * * *
The Executioner hits you but does no damage.
Your ogre misses the Executioner. The Executioner hits you!
You die...

. . ..#. .#
# . #..#
#..# #..# .
. #..# . #
#..# ####†.#
.#.###..O1.#
##......@#
...#.#.####
#. # .# .#.#
# #.# ## ..
#.


You could see an Executioner (fast, ally target) and a friendly ogre (summoned,
berserk).

Vanquished Creatures
  3 hell hogs (Abyss:1)
  4 two-headed ogres
  Pikel (D:7)
  A gargoyle (D:10)
  A kobold demonologist (D:10)
  A troll (D:10)
  Grinder (D:4)
  The ghost of Kes the Grave Robber, an amateur HuNe of Dithmenos (D:4)
  A large abomination (Abyss:1)
  The ghost of nroviw the Digger, an amateur GrEE (D:5)
  Sigmund (D:6)
  8 yaks
  2 wraiths (D:10)
  3 wyverns
  Eustachio (D:6)
  A steam dragon (D:8)
  Edmund (D:5)
  A chaos spawn (Abyss:1)
  An acid dragon (D:10)
  A small abomination (Abyss:1)
  2 water moccasins
  An orc warrior (D:6)
  4 sky beasts
  4 ogres
  2 centaurs (D:9)
  A lemure (D:7)
  A kobold brigand (D:7)
  6 scorpions
  4 bullfrogs
  2 wyvern zombies (D:5)
  4 necrophages
  9 wights
  A centaur zombie (D:5)
  2 jellies
  2 orc priests (D:4)
  A water moccasin simulacrum (D:4)
  Crazy Yiuf (D:6)
  3 gnoll boudas
  2 hounds
  2 human zombies (Ossuary)
  4 orc wizards
  A centaur skeleton (D:5)
  Terence (D:3)
  A statue (D:9)
  3 mummies (Ossuary)
  4 adders
  10 gnolls
  5 white imps
  2 worms
  3 adder simulacra (D:4)
  4 dart slugs
  24 orcs
  10 ball pythons
  4 endoplasms
  2 giant cockroaches
  8 goblins
  5 hobgoblins
  2 jackals (D:4)
  7 quokkas
  6 bats
  2 frilled lizards (D:1)
  2 goblin zombies (Ossuary)
  2 hobgoblin zombies (Ossuary)
  11 kobolds
  A kobold zombie (Ossuary)
  An orc zombie (Ossuary)
  4 rats
218 creatures vanquished.

Notes
Turn   | Place    | Note
-------+----------+-------------------------------------------
     0 | D:1      | QwertyIsDirtey404 the Minotaur Berserker began the quest
                  | for the Orb.
     0 | D:1      | Reached XP level 1. HP: 19/19 MP: 0/0
   666 | D:1      | Reached XP level 2. HP: 24/27 MP: 1/1
  1637 | D:2      | Reached ** piety under Trog
  1638 | D:2      | Reached XP level 3. HP: 23/33 MP: 2/2
  1989 | D:2      | Found Penwanei's Armour Shoppe.
  2265 | D:2      | Found a faded altar of an unknown god.
  2414 | D:3      | Noticed Terence
  2423 | D:3      | Killed Terence
  2424 | D:3      | Reached skill level 1 in Short Blades
  2424 | D:3      | Reached XP level 4. HP: 41/41 MP: 3/3
  3027 | D:3      | Found Dufusm's Distillery.
  3064 | D:3      | You fall into a shaft and drop 1 floor!
  3067 | D:4      | Found a runed translucent gate.
  3067 | D:4      | Found a runed translucent gate.
  3067 | D:4      | Found a runed translucent gate.
  3121 | D:4      | Reached skill level 1 in Stealth
  3128 | D:4      | Noticed Kes's ghost (amateur HuNe)
  3145 | D:4      | Killed Kes's ghost
  3146 | D:4      | Reached skill level 5 in Fighting
  3146 | D:4      | Reached skill level 3 in Armour
  3146 | D:4      | Reached XP level 5. HP: 27/48 MP: 4/4
  3146 | D:4      | Reached XP level 6. HP: 31/56 MP: 5/5
  3797 | D:4      | Identified the ring "Naenon" {Fire Str+4 Dex+2}
  4178 | D:4      | Reached skill level 4 in Armour
  4178 | D:4      | Reached XP level 7. HP: 55/61 MP: 6/6
  4395 | D:4      | Found a shadowy altar of Dithmenos.
  4396 | D:4      | Found a snail-covered altar of Cheibriados.
  4396 | D:4      | Found an ancient bone altar of Kikubaaqudgha.
  4403 | D:4      | Found a burning altar of Makhleb.
  4430 | D:4      | Found a staircase to the Ecumenical Temple.
  4568 | D:4      | Noticed Grinder
  4581 | D:4      | Paralysed by Grinder for 2 turns
  4584 | D:4      | Killed Grinder
  5115 | D:5      | Entered Level 5 of the Dungeon
  5115 | D:5      | Noticed Edmund
  5140 | D:5      | Killed Edmund
  5141 | D:5      | Reached skill level 5 in Short Blades
  5141 | D:5      | Reached skill level 5 in Armour
  5299 | D:5      | Found a sand-covered staircase.
  5315 | D:5      | Found a transporter.
  5317 | Ossuary  | Entered an ossuary
  5800 | Ossuary  | Reached *** piety under Trog
  5993 | Ossuary  | Reached XP level 8. HP: 66/70 MP: 7/7
  6080 | D:5      | Noticed nroviw's ghost (amateur GrEE)
  6357 | D:5      | Found a glowing golden altar of the Shining One.
  6359 | D:5      | Reached skill level 6 in Armour
  6366 | D:5      | HP: 2/70 [poisoned by a scorpion]
  7262 | D:5      | Found a broken altar of Ashenzari.
  7294 | D:5      | Found a transporter.
  7313 | D:5      | Found Zin's Purification Station.
  7313 | D:5      | Found a glowing silver altar of Zin.
  7678 | D:5      | Killed nroviw's ghost
  7679 | D:5      | Reached skill level 7 in Armour
  7842 | D:6      | Reached skill level 5 in Dodging
  7950 | D:6      | Reached XP level 9. HP: 39/78 MP: 8/8
  8250 | D:6      | Noticed Sigmund
  8269 | D:6      | Killed Sigmund
  8270 | D:6      | Reached skill level 8 in Armour
  8471 | D:6      | Identified the +0 chain mail "Seheal" {rPois rCorr Str-2
                  | Slay+6}
  8478 | D:6      | Noticed Eustachio
  8516 | D:6      | Killed Eustachio
  9445 | D:6      | Found a runed translucent door.
  9446 | D:6      | Noticed Crazy Yiuf
  9571 | D:6      | Killed Crazy Yiuf
 10613 | D:6      | You fall into a shaft and drop 1 floor!
 11059 | D:7      | Reached skill level 9 in Armour
 11160 | D:7      | Noticed Pikel
 11173 | D:7      | Killed Pikel
 11174 | D:7      | Reached skill level 10 in Armour
 11174 | D:7      | Reached skill level 1 in Unarmed Combat
 11398 | D:7      | HP: 4/106 [wight/+1 great sword (4)]
 12819 | D:7      | Reached XP level 10. HP: 80/84 MP: 9/9
 13267 | D:8      | Reached skill level 1 in Axes
 13272 | D:8      | Reached skill level 11 in Armour
 14456 | D:8      | Noticed a two-headed ogre
 14461 | D:8      | Killed a two-headed ogre
 14468 | D:8      | Reached skill level 5 in Axes
 15185 | D:9      | Found a radiant altar of Vehumet.
 15243 | D:9      | Found a staircase to the Orcish Mines.
 15254 | D:9      | Reached **** piety under Trog
 15298 | D:9      | Reached skill level 12 in Armour
 15317 | D:9      | Noticed a two-headed ogre
 15325 | D:9      | Killed a two-headed ogre
 15945 | D:9      | Reached XP level 11. HP: 89/95 MP: 10/10
 16137 | D:9      | Noticed a two-headed ogre
 16142 | D:9      | Killed a two-headed ogre
 17040 | D:10     | Entered Level 10 of the Dungeon
 17091 | D:10     | Noticed a two-headed ogre
 17099 | D:10     | Killed a two-headed ogre
 17756 | D:10     | Noticed Sonja
 17774 | Abyss:1  | Cast into level 1 of the Abyss (Sonja)
 17820 | Abyss:1  | Noticed a daeva
 17933 | Abyss:1  | Noticed a hell hog
 17936 | Abyss:1  | Noticed a hell hog
 17940 | Abyss:1  | Noticed a hell hog
 17945 | Abyss:1  | Killed a hell hog
 17946 | Abyss:1  | Reached skill level 13 in Armour
 17948 | Abyss:1  | Killed a hell hog
 17952 | Abyss:1  | Killed a hell hog
 17988 | Abyss:1  | Noticed an Executioner
 17998 | Abyss:1  | Slain by an Executioner

Illustrated notes

Levels and vault maps discovered:
D:1:      minmay_arrival_wavy_path, layout_loops_corners,
          chequers_serial_rivers_micro_c
D:2:      layout_rooms, serial_shops, nicolae_lakefront_shop,
          hellmonk_ecumenical_altar_leap_of_faith
D:3:      layout_rooms, serial_shops, nicolae_lakefront_shop, uniq_terence
D:4:      layout_basic, minitemple, minmay_temple_entry_statues_pillars,
          gammafunk_ghost_icy, minmay_bent, uniq_grinder
D:5:      layout_rooms, chequers_temple_overflow_statue_of_worship, zin_purify,
          gammafunk_ghost_mausoleum, enter_ossuary_1, uniq_edmund
D:6:      layout_basic, uniq_crazy_yiuf_cottage, uniq_sigmund, uniq_eustachio
D:7:      layout_basic, st_stairs_9, kennysheep_crisscross, uniq_pikel
D:8:      layout_loops_ring
D:9:      layout_rooms, vehumet_statue, orc_0_dummy
D:10:     layout_loops_ring, okawaru_trees_1, uniq_sonja
Abyss:1:  base: D:10, hangedman_abyss_or_decor_clamps

Skill      XL: |  1  2  3  4  5  6  7  8  9 10 11 |
---------------+----------------------------------+-----
Fighting       | 4 5 6 7 8 9 |  9.3
Long Blades    | 4 |  4.9
Short Blades   | 1 2 4 5 6 8 |  8.3
Dodging        | 3 4 5 6 |  6.2
Stealth        | 1 2 3 |  3.6
Armour         | 3 4 5 7 10 12 13 | 13.3
Unarmed Combat | 1 |  1.8
Axes           | 6 9 |  9.3

Action                   |  1- 3 |  4- 6 |  7- 9 | 10-12 || total
-------------------------+-------+-------+-------+-------++-------
Melee: Falchion          |    31 |       |       |       ||    31
       Headbutt          |     9 |    15 |    80 |    37 ||   141
       Dagger            |    63 |    88 |   372 |       ||   523
       Punch             |     1 |       |     4 |     3 ||     8
       Unarmed           |       |       |    13 |       ||    13
       Hand axe          |       |       |     5 |   136 ||   141
       War axe           |       |       |       |    28 ||    28
Invok: Berserk           |     1 |     2 |     8 |     3 ||    14
       Brothers in Arms  |       |       |       |     1 ||     1
 Stab: Sleeping          |     1 |       |       |       ||     1
Armor: Animal skin       |    18 |       |       |       ||    18
       Scale mail        |       |    35 |   138 |       ||   173
       Chain mail        |       |       |    36 |   131 ||   167
Dodge: Dodged            |    62 |    42 |   166 |    92 ||   362
